 Dungeon Crawl Stone Soup version 0.29-a0-982-gaed3a0c8d8 (webtiles) character file.

Game seed: 8565882313588395626

105 Turgor the Grave Robber (level 4, -5/32 HPs)
             Began as a Demonspawn Necromancer on Aug 1, 2022.
             Slain by a mummy (8 damage)
             ... in an ossuary.
             The game lasted 00:13:49 (3394 turns).

Turgor the Grave Robber (Demonspawn Necromancer)    Turns: 3394, Time: 00:13:50

Health: -5/32      AC:  4    Str: 10    XL:     4   Next: 53%
Magic:  8/8        EV: 11    Int: 16    God:
Gold:   124        SH:  0    Dex: 14    Spells: 2/9 levels left

rFire   . . .      SeeInvis .   o - +0 sling
rCold   . . .      Faith    .   (no shield)
rNeg    . . .      Spirit   .   s - +0 leather armour
rPois   .          Reflect  .   m - +0 helmet
rElec   .          Harm     .   (no cloak)
rCorr   .          Rampage  .   (no gloves)
Will    .....                   (no boots)
Stlth   ++........              u - amulet of magic regeneration
HPRegen 0.10/turn               (no ring)
MPRegen 0.51/turn               (no ring)

@: mighty
A: powered by pain 1
a: no special abilities


You were in an ossuary.
You visited 1 branch of the dungeon, and saw 4 of its levels.
You also visited: Ossuary.

You collected 124 gold pieces.

Inventory:

Hand Weapons
 d - a +0 dagger
 o - a +0 sling (weapon)
Missiles
 v - 5 poisoned darts
Armour
 a - a +0 robe
 m - a +0 helmet (worn)
 s - a +0 leather armour (worn)
Jewellery
 u - an amulet of magic regeneration (around neck)
Scrolls
 c - 2 scrolls of poison {unknown}
 e - 4 scrolls of teleportation {unknown}
 f - a scroll of immolation {unknown}
 g - a scroll of identify {unknown}
 i - a scroll of amnesia {unknown}
 l - a scroll of brand weapon {unknown}
 n - a scroll of torment {unknown}
 t - a scroll of blinking {unknown}
Potions
 b - a potion of magic
 h - 2 potions of degeneration {unknown}
 j - a potion of might {unknown}
 k - a potion of haste {unknown}
 p - 2 potions of curing {unknown}
 q - 4 potions of attraction {unknown}
 r - 2 potions of mutation {unknown}


   Skills:
 + Level 1.3 Fighting
 - Level 2.0 Dodging
 - Level 2.0 Stealth
 * Level 3.1 Spellcasting
 * Level 0.8 Summonings
 * Level 5.2 Necromancy


You had 2 spell levels left.
You knew the following spells:

 Your Spells              Type           Power      Damage    Failure   Level
a - Necrotise             Necr           76%        1d7       3%          1
b - Vampiric Draining     Necr           19%        2d7       9%          3
c - Call Canine Familiar  Summ           5%         N/A       47%         3

Your spell library contained the following spells:

 Spells                   Type           Power      Damage    Failure   Level
 Summon Small Mammal      Summ           20%        N/A       19%         1
 Freeze                   Ice            8%         1d3       26%         1
 Animate Dead             Necr           19%        N/A       28%         4
 Frozen Ramparts          Ice            4%         1d8       58%         3
 Agony                    Necr           19%        N/A       63%         5
 Hailstorm                Conj/Ice       2%         3d3       94%         4
 Leda's Liquefaction      Hex/Erth       1%         N/A       94%         4
 Haunt                    Necr/Summ      6%         N/A       100%        7


Dungeon Overview and Level Annotations

Branches:
Dungeon (4/15)            Ossuary (1/1)
 Temple: D:4-7

Altars:

Shops:
D:1 ?   D:2 [   D:3 (


Innate Abilities, Weirdness & Mutations

You sometimes gain a little power by taking damage.


Message History

The sling bullet hits the kobold zombie.
The kobold zombie is moderately damaged.
The kobold zombie misses you.
Fire: o) +0 sling
Press: ? - help, Q - select action, (/) - cycle Shift-Dir - straight line, f/p - mummy
Aim: a mummy (moderately damaged, 71% to hit)
You shoot a sling bullet. The sling bullet hits the mummy.
The mummy is severely damaged.
Fire: o) +0 sling
Press: ? - help, Q - select action, (/) - cycle Shift-Dir - straight line, f/p - mummy
Aim: a mummy (severely damaged, 71% to hit)
You shoot a sling bullet.
The sling bullet barely misses the mummy.
The kobold zombie hits you but does no damage.
Fire: o) +0 sling
Press: ? - help, Q - select action, (/) - cycle Shift-Dir - straight line, f/p - mummy
Aim: a mummy (severely damaged, 71% to hit)
You shoot a sling bullet. The sling bullet hits the mummy.
The mummy is severely damaged.
The mummy hits you! The kobold zombie closely misses you.
Fire: o) +0 sling
Press: ? - help, Q - select action, (/) - cycle Shift-Dir - straight line, f/p - mummy
Aim: a mummy (severely damaged, 71% to hit)
You shoot a sling bullet.
The sling bullet hits the mummy but does no damage.
The mummy is severely damaged.
The kobold zombie hits you. The mummy hits you!
Ouch! That really hurt!
* * * LOW HITPOINT WARNING * * *
You focus on the pain.
You feel very mighty all of a sudden.
Fire: o) +0 sling
Press: ? - help, Q - select action, (/) - cycle Shift-Dir - straight line, f/p - mummy
Aim: a mummy (severely damaged, 71% to hit)
You shoot a sling bullet. The sling bullet hits the mummy.
The mummy is almost destroyed.
The kobold zombie hits you.
* * * LOW HITPOINT WARNING * * *
The mummy hits you!
You die...

#........
#......
#....#
#....#
#....#
#....#
#....#
#.MZ.#
#.@..#
#....#
#.∩∩.#
######


You could see a mummy and a kobold zombie.

Vanquished Creatures
  A mummy (Ossuary)
  3 adders
  2 worms (D:3)
  2 dart slugs
  4 ball pythons
  5 endoplasms
  A giant cockroach (D:1)
  7 goblins
  2 hobgoblins
  6 jackals
  3 bats
  A frilled lizard (D:2)
  2 gnoll zombies (Ossuary)
  2 hobgoblin zombies (Ossuary)
  5 kobolds
  3 kobold zombies (Ossuary)
  2 rats (D:1)
51 creatures vanquished.

Vanquished Creatures (collateral kills)
  A ball python (D:2)
  A jackal (D:2)
2 creatures vanquished.

Vanquished Creatures (others)
  4 plants (D:4)
4 creatures vanquished.

Grand Total: 57 creatures vanquished

Notes
Turn   | Place    | Note
-------+----------+-------------------------------------------
     0 | D:1      | Turgor the Demonspawn Necromancer began the quest for the
                  | Orb.
     0 | D:1      | Reached XP level 1. HP: 13/13 MP: 3/3
    31 | D:1      | Found Heithr Vuaph's Magic Scroll Shoppe.
   303 | D:1      | Gained mutation: You sometimes gain a little power by
                  | taking damage. [demonic ancestry]
   303 | D:1      | Reached XP level 2. HP: 16/19 MP: 0/5
   964 | D:1      | Found a faded altar of an unknown god.
  1294 | D:2      | Found Estrotam's Antique Armour Emporium.
  1580 | D:2      | Reached XP level 3. HP: 23/25 MP: 1/6
  1728 | D:2      | Reached skill level 1 in Fighting
  1751 | D:2      | Learned a level 3 spell: Vampiric Draining
  1952 | D:2      | Reached skill level 5 in Necromancy
  2229 | D:3      | Got Sif Muna's Vademecum on Congregated Spelunking
  2234 | D:3      | Learned a level 3 spell: Call Canine Familiar
  2400 | D:3      | Reached XP level 4. HP: 32/32 MP: 4/8
  2515 | D:3      | Found Ehae's Antique Weapon Shoppe.
  3071 | D:4      | Found a sand-covered staircase.
  3096 | Ossuary  | Entered an ossuary
  3394 | Ossuary  | Slain by a mummy

Illustrated notes

Levels and vault maps discovered:
D:1:      scummos_arrival_gate, layout_basic, serial_shops,
          nicolae_shop_waterfront, hellmonk_ecumenical_altar_heavens_door,
          serial_forest, infiniplex_forest_end_2, infiniplex_forest_end_1,
          infiniplex_forest_end_1, infiniplex_forest_lined_3,
          infiniplex_forest_clump_diagonal
D:2:      layout_basic, serial_shops, nicolae_shop_crystal
D:3:      layout_loops_ring, serial_shops, nicolae_shop_crystal,
          ebering_dispersal_statue_hall
D:4:      layout_basic, mainiacjoe_overflow_catch_the_wave,
          nicolae_ossuary_entry_false_entrances, reono_crystal_passage,
          uniq_eustachio
Ossuary:  ossuary_tomb_3

Skill      XL: |  1  2  3  4 |
---------------+-------------+-----
Dodging        | 2 |  2.0
Stealth        | 2 |  2.0
Fighting       | 1 |  1.3
Necromancy     | 5 |  5.2
Spellcasting   | 3 |  3.1
Summonings     | |  0.8

Action                   |  1- 3 |  4- 6 || total
-------------------------+-------+-------++-------
Melee: Dagger            |    31 |     8 ||    39
 Fire: Sling             |    20 |    56 ||    76
Throw: Stone             |     1 |       ||     1
 Cast: Necrotise         |    77 |     7 ||    84
Armor: Robe              |     7 |       ||     7
       Leather armour    |       |     1 ||     1
Dodge: Dodged            |    34 |     6 ||    40

Table legend: (Time is in decaauts)
 A = Elapsed time spent in this place.
 B = Non-inter-level travel time spent in this place.
 C = Inter-level travel time spent in this place.
 D = Time resting spent in this place.
 E = Time spent auto-exploring this place.
 F = Levels seen in this place.
 G = Mean time per level.
                   A        B        C        D        E       F      G
               +--------+--------+--------+--------+--------+-----+--------+
         Total |   3421 |   3350 |     71 |    252 |   2403 |   5 |  684.2 |
       Dungeon |   3105 |   3034 |     71 |     48 |   2403 |   4 |  776.2 |
       Ossuary |    316 |    316 |      0 |    204 |      0 |   1 |  316.0 |
               +--------+--------+--------+--------+--------+-----+--------+

Top non-repeatable levels by time:
     D:1: 1227 daAuts
     D:3: 938 daAuts
     D:2: 798 daAuts
 Ossuary: 316 daAuts
     D:4: 141 daAuts
